 Dungeon Crawl Stone Soup version 0.31-a0-1370-gf52a5a9ab3 (webtiles) character file.

Game seed: 5194090648363260004

473 thriggle the Charlatan (level 7, -1/76 HPs)
             Began as a Gnoll Wanderer on Dec 24, 2023.
             Was a Follower of Trog.
             Killed by divine providence
             ... invoked by an orc priest
              (14 damage)
             ... on level 5 of the Dungeon.
             The game lasted 00:14:15 (2722 turns).

thriggle the Charlatan (Gnoll Wanderer)             Turns: 2722, Time: 00:14:17

Health: -1/76      AC: 23    Str: 17    XL:     7   Next: 10%
Magic:  10/10      EV:  2    Int:  8    God:    Trog [*.....]
Gold:   263        SH:  0    Dex: 11    Spells: 10/10 levels left

rFire   . . .        B - +0 flail
rCold   . . .        m - +1 buckler
rNeg    . . .        o - melded +1 ring mail
rPois   +            (helmet currently unavailable)
rElec   .            (cloak currently unavailable)
rCorr   .            f - melded +2 pair of gloves
SInv    +            w - melded +1 pair of boots
Will    .....        (no amulet)
Stlth   +            t - ring of see invisible
HPRegen 0.32/turn    (no ring)
MPRegen 0.12/turn

%: no passive effects
@: confused, tree-form, attractive, hasted, very quick
A: stationary, stasis, torment immunity, boosted hp, (fangs 1), strong nose,
distributed training
a: Renounce Religion, Berserk


You were on level 5 of the Dungeon.
You worshipped Trog.
Trog was aware of your devotion.
You were a tree.
You visited 1 branch of the dungeon, and saw 5 of its levels.

You collected 263 gold pieces.

Inventory:

Hand Weapons
 a - a +0 mace
 A - a +0 halberd
 B - a +0 flail (weapon)
Missiles
 b - 4 throwing nets (quivered)
 h - 10 javelins
 j - 6 silver javelins
 s - 6 boomerangs
 v - 22 stones
 x - 6 poisoned darts
Armour
 c - a +0 leather armour
 f - a +2 pair of gloves (melded)
 m - a +1 buckler (worn)
 o - a +1 ring mail (melded)
 w - a +1 pair of boots (melded)
Jewellery
 g - a ring of fire
 t - a ring of see invisible (left branch)
 y - a ring of fire
Wands
 d - a wand of flame (5)
 l - a wand of charming (8)
Scrolls
 e - a scroll of blinking
 q - 2 scrolls of vulnerability
Potions
 i - a potion of might
 u - a potion of ambrosia


   Skills:
 + Level 2.3 Fighting
 + Level 2.3 Short Blades
 + Level 2.3 Long Blades
 + Level 2.3 Axes
 + Level 5.2 Maces & Flails
 + Level 2.3 Polearms
 + Level 2.3 Staves
 + Level 2.3 Ranged Weapons
 + Level 2.3 Throwing
 + Level 3.5 Armour
 + Level 7.0 Dodging
 + Level 3.3 Stealth
 + Level 2.3 Shields
 + Level 2.3 Unarmed Combat
 + Level 2.3 Spellcasting
 + Level 1.9 Conjurations
 + Level 1.9 Hexes
 + Level 1.9 Summonings
 + Level 1.9 Necromancy
 + Level 1.9 Translocations
 + Level 1.9 Fire Magic
 + Level 1.9 Ice Magic
 + Level 1.9 Air Magic
 + Level 1.9 Earth Magic
 + Level 1.9 Alchemy
 + Level 2.6 Invocations
 + Level 7.0 Evocations
 + Level 2.1 Shapeshifting


You had 10 spell levels left.
You didn't know any spells.
Your spell library contained the following spells:

 Spells                   Type           Power      Damage    Failure   Level
 Ensorcelled Hibernation  Hex/Ice        8%         N/A       30%         2
 Confusing Touch          Hex            4%         N/A       52%         3
 Bombard                  Conj/Erth      2%         9d1       100%        6
 Shatter                  Erth           2%         3d6*      100%        9


Dungeon Overview and Level Annotations

Branches:
Dungeon (5/15)
 Temple: D:4-7

Altars:
Trog

Annotations:
D:4 3 runed translucent doors, Laraso's ghost, amateur OnCA


Innate Abilities, Weirdness & Mutations

You are a tree.
Your roots penetrate the ground, keeping you stationary.
You cannot be teleported.
You are immune to unholy pain and torment.
Your maximum health is greatly increased.
Your equipment is partially melded.
((You have very sharp teeth.))
Your uncanny sense of smell can sniff out nearby items.
Your experience applies equally to all skills.


Message History

You closely miss the orc.
The orc is moderately wounded.
The orc hits you but does no damage. The yak gores you.
* * * LOW HITPOINT WARNING * * *
The yak barely misses you. The yak gores you but does no damage.
The orc wizard hits you but does no damage.
The orc hits you with a +0 heavy flail.
* * * LOW HITPOINT WARNING * * *
You feel much better.
The yak gores you but does no damage. x3
The orc hits you but does no damage.
The orc priest invokes the aid of Beogh against you.
Beogh smites you!
You cannot move. (Use ctrl+direction or * direction to attack while stationary and confused.)
You swing at nothing.
The orc wizard points at you and mumbles some strange words.
You are more confused.
You thump the orc!
You kill the orc!
Trog accepts your kill. The orc hits you but does no damage.
The yak barely misses you. The yak gores you.
The yak gores you but does no damage.
The orc wizard hits you but does no damage.
You swing at nothing.
The yak gores you but does no damage. The yak gores you!
* * * LOW HITPOINT WARNING * * *
The yak gores you.
* * * LOW HITPOINT WARNING * * *
The orc priest is attracted toward you.
You hit the orc priest but do no damage.
The orc hits you but does no damage.
The yak gores you but does no damage. x2
The orc priest hits you but does no damage.
The yak gores you but does no damage.
You nearly hit yourself!
The orc wizard hits you but does no damage.
You hit the orc but do no damage.
The orc is severely wounded.
The orc hits you but does no damage. The yak barely misses you.
The yak gores you but does no damage.
The orc priest mumbles some strange prayers to Beogh against you.
Beogh smites you!
You die...

.. .##.## ###.# ##.#...#.#
#. ...............# #.
#.....#......... #.##
................#####...
#.....#......... .....#
#....Yoo......# #...#
#.o♣Y....#.#####...#
#...Y.........##....
#........#.##.##.#.#
#.#.....##.##.##.#.#
#................#.#
#.#######.###.####...###.#
#......†.....###.......#.#
############## #.........#
#.......###


You could see 3 yaks, an orc priest, an orc wizard and an orc.

Vanquished Creatures
  A hound (D:4)
  An orc priest (D:5)
  2 orc wizards
  Terence (D:3)
  4 iguanas
  3 gnolls (D:4)
  3 adders
  2 worms
  3 dart slugs
  6 orcs
  5 bats
  4 endoplasms
  2 giant cockroaches (D:2)
  7 hobgoblins
  7 jackals (D:4)
  5 kobolds
  2 quokkas
  11 ball pythons
  6 frilled lizards
  10 goblins
  2 rats (D:1)
  4 butterflies (D:1)
91 creatures vanquished.

Vanquished Creatures (collateral kills)
  A phantom (D:4)
  A gnoll (D:4)
  A goblin (D:4)
3 creatures vanquished.

Vanquished Creatures (others)
  An adder (D:4)
  An endoplasm (D:4)
2 creatures vanquished.

Grand Total: 96 creatures vanquished

Notes
Turn   | Place    | Note
-------+----------+-------------------------------------------
     0 | D:1      | thriggle the Gnoll Wanderer began the quest for the Orb.
     0 | D:1      | thriggle set off with the following items: a +0 mace, 4
                  | throwing nets, a +0 leather armour, a wand of flame (7), a
                  | scroll of blinking.
     0 | D:1      | Reached XP level 1. HP: 13/13 MP: 1/1
    49 | D:1      | Got the Spellbook of Charming Tephra
   206 | D:1      | Reached XP level 2. HP: 19/19 MP: 2/2
   563 | D:2      | Found a faded altar of an unknown god.
   638 | D:2      | Found a bloodstained altar of Trog.
   652 | D:2      | Reached XP level 3. HP: 22/25 MP: 3/3
   670 | D:2      | Reached skill level 1 in Invocations
   805 | D:2      | Became a worshipper of Trog the Wrathful
   898 | D:2      | Reached skill level 1 in Fighting
   898 | D:2      | Reached skill level 1 in Short Blades
   898 | D:2      | Reached skill level 1 in Long Blades
   898 | D:2      | Reached skill level 1 in Axes
   898 | D:2      | Reached skill level 1 in Polearms
   898 | D:2      | Reached skill level 1 in Staves
   898 | D:2      | Reached skill level 1 in Ranged Weapons
   898 | D:2      | Reached skill level 1 in Throwing
   898 | D:2      | Reached skill level 1 in Shields
   898 | D:2      | Reached skill level 1 in Unarmed Combat
   898 | D:2      | Reached skill level 1 in Spellcasting
  1320 | D:3      | Reached skill level 1 in Shapeshifting
  1320 | D:3      | Reached XP level 4. HP: 32/32 MP: 5/5
  1359 | D:3      | Reached skill level 1 in Conjurations
  1359 | D:3      | Reached skill level 1 in Hexes
  1359 | D:3      | Reached skill level 1 in Summonings
  1359 | D:3      | Reached skill level 1 in Necromancy
  1359 | D:3      | Reached skill level 1 in Translocations
  1359 | D:3      | Reached skill level 1 in Fire Magic
  1359 | D:3      | Reached skill level 1 in Ice Magic
  1359 | D:3      | Reached skill level 1 in Air Magic
  1359 | D:3      | Reached skill level 1 in Earth Magic
  1359 | D:3      | Reached skill level 1 in Alchemy
  1533 | D:3      | Noticed Terence
  1548 | D:3      | Killed Terence
  1549 | D:3      | Reached XP level 5. HP: 35/37 MP: 5/7
  1865 | D:4      | Noticed a phantom
  1882 | D:4      | Reached * piety under Trog
  1896 | D:4      | Killed a phantom
  1897 | D:4      | Reached XP level 6. HP: 42/44 MP: 8/8
  1948 | D:4      | Reached skill level 5 in Maces & Flails
  1979 | D:4      | Found a runed translucent gate.
  1980 | D:4      | Noticed a hornet
  2285 | D:4      | Found a runed translucent gate.
  2286 | D:4      | Found a runed translucent gate.
  2290 | D:4      | Noticed Laraso's ghost (amateur OnCA)
  2461 | D:5      | Entered Level 5 of the Dungeon
  2644 | D:5      | Reached XP level 7. HP: 28/50 MP: 10/10
  2692 | D:5      | Noticed a yak
  2693 | D:5      | Noticed a yak
  2694 | D:5      | Noticed a yak
  2722 | D:5      | Killed from afar by an orc priest

Illustrated notes

Levels and vault maps discovered:
D:1:      spicycebolla_arrival_clurvy, layout_basic, hex_tiny
D:2:      kennysheep_big_flooded_room, layout_rooms, basic_altar,
          nicolae_ecumenical_oubliette, st_stairs_5, mrwooster_statue_mirror
D:3:      layout_basic, uniq_terence
D:4:      layout_gridville, gammafunk_ghost_split, grunt_decor_fettered,
          nicolae_twisty_statue_hallways
D:5:      layout_loops_ring, minmay_temple_entry_steel_oval, serial_shops, shop,
          dreamdust_mushroom_princess

Skill      XL: |  1  2  3  4  5  6 |
---------------+-------------------+-----
Invocations    | 1 2 |  2.6
Fighting       | 1 2 |  2.3
Short Blades   | 1 2 |  2.3
Long Blades    | 1 2 |  2.3
Axes           | 1 2 |  2.3
Polearms       | 1 2 |  2.3
Staves         | 1 2 |  2.3
Ranged Weapons | 1 2 |  2.3
Throwing       | 1 2 |  2.3
Shields        | 1 2 |  2.3
Unarmed Combat | 1 2 |  2.3
Spellcasting   | 1 2 |  2.3
Shapeshifting  | 1 2 |  2.1
Conjurations   | 1 |  1.9
Hexes          | 1 |  1.9
Summonings     | 1 |  1.9
Necromancy     | 1 |  1.9
Translocations | 1 |  1.9
Fire Magic     | 1 |  1.9
Ice Magic      | 1 |  1.9
Air Magic      | 1 |  1.9
Earth Magic    | 1 |  1.9
Alchemy        | 1 |  1.9
Armour         | 3 |  3.5
Stealth        | 3 |  3.3
Maces & Flails | 5 |  5.2
Dodging        | 7 |  7.0
Evocations     | 7 |  7.0

Action                     |  1- 3 |  4- 6 |  7- 9 || total
---------------------------+-------+-------+-------++-------
  Melee: Mace              |   137 |   186 |       ||   323
         Bite              |     9 |    17 |     2 ||    28
         Flail             |       |    49 |    19 ||    68
  Throw: Dart              |       |       |     1 ||     1
  Evoke: Wand              |     1 |     3 |     2 ||     6
    Use: Scroll            |     1 |     6 |       ||     7
         Potion            |       |     2 |     6 ||     8
   Stab: Sleeping          |     7 |     1 |       ||     8
 Armour: Leather armour    |    51 |       |       ||    51
         Ring mail         |    29 |   165 |     5 ||   199
         Skin              |       |       |    82 ||    82
  Dodge: Dodged            |    96 |   182 |     9 ||   287
  Block: Buckler           |    11 |    63 |       ||    74

Table legend: (Time is in decaauts)
 A = Elapsed time spent in this place.
 B = Non-inter-level travel time spent in this place.
 C = Inter-level travel time spent in this place.
 D = Time resting spent in this place.
 E = Time spent auto-exploring this place.
 F = Levels seen in this place.
 G = Mean time per level.
                   A        B        C        D        E       F      G
               +--------+--------+--------+--------+--------+-----+--------+
         Total |   2787 |   2644 |    143 |      0 |   1292 |   5 |  557.4 |
       Dungeon |   2787 |   2644 |    143 |      0 |   1292 |   5 |  557.4 |
               +--------+--------+--------+--------+--------+-----+--------+

Top non-repeatable levels by time:
     D:2: 680 daAuts
     D:4: 677 daAuts
     D:1: 612 daAuts
     D:3: 602 daAuts
     D:5: 214 daAuts
